[Event "Israeli Women Championship 2022"]
[Site "Yosiah Arad"]
[Date "2022.12.05"]
[Round "1.1"]
[White "Efroimski, Marsel"]
[Black "Tashkinova, Sofiia"]
[Result "1-0"]
[ECO "C02"]
[WhiteElo "2470"]
[BlackElo "2006"]
[Annotator "TA"]
[PlyCount "69"]
[EventDate "2022.12.05"]
[EventType "tourn"]
[EventCountry "ISR"]
[SourceTitle "playchess.com"]
[Source "ChessBase"]
[SourceQuality "1"]
[TimeControl "40/5400+30:1800+30"]

1. e4 e6 2. d4 d5 3. e5 c5 4. c3 Qb6 5. Nf3 Nc6 6. a3 Nh6 7. Bd3 $1 {[%emt 0:00:10][%mdl 4] is currently scoring better than 7.b4.} Bd7 {[%emt 0:08:05] C02: French: Advance Variation.} 8. O-O Nf5 {[%emt 0:05:20] [#]} (8... cxd4 $11 9. b4 Rc8) 9. dxc5 $146 ({Predecessor:} 9. Bxf5 exf5 10. Nbd2 cxd4 11. cxd4 Nxd4 12. Nxd4 Qxd4 13. Nf3 Qc5 14. b4 Qc4 15. Bb2 {1-0 (57) Oviedo,A (1618)-Hurtado Paredes,J Caracas 2015}) 9... Bxc5 {[%emt 0:06:42] White is better.} 10. g4 Nh6 11. h3 (11. b4 {keeps more tension.} Bxf2+ 12. Rxf2 Nxg4 13. Raa2) 11... Qc7 $1 12. b4 {[%emt 0:00:42] Against f6} Bb6 {[%emt 0:02:32] White should prevent ...f6.} 13. Qe2 {[%emt 0:08:11] [#]} (13. a4 $11 a5 14. g5) 13... Ng8 (13... f6 $1 $17 14. Bf4 (14. Bxh6 gxh6 15. Nbd2 Nxe5 $17) 14... Nf7) 14. Bf4 $36 {[%emt 0:01:34][%mdl 2048] White has the initiative.} (14. Bb2 $5) 14... Nge7 (14... h5 $11) 15. Kg2 h5 16. Nbd2 g6 {[%emt 0:04:53] White now steadily converts the win.} ({Black should try} 16... a6 $14) 17. Bg5 {[%emt 0:01:56] White is more active.} a6 18. Rac1 Na7 (18... Kf8 $142 19. Bf6 Rh6) 19. c4 $18 ({Resist} 19. Bf6 Rf8 20. c4 hxg4 $18) 19... dxc4 20. Nxc4 {[%emt 0:00:09] [#] Hoping for Nd6+.} Bc6 21. Nd6+ Kf8 22. Be4 {[%emt 0:00:32] Threatens to win with Bf6.} Nac8 $2 (22... Rh7 23. Be3 Kg8) 23. Qd2 {[%emt 0:05:14] Black must now prevent Bxc6. White is clearly winning.} Qd7 24. Bxc6 Nxc6 25. Bf6 Rh7 26. Ng5 Kg8 27. Nxh7 Kxh7 28. gxh5 {[%emt 0:00:07] White wants to mate with Qg5.} Nxd6 29. hxg6+ fxg6 30. Qxd6 Qf7 (30... Qxd6 $142 31. exd6 Rf8) 31. Rc4 {[%emt 0:01:13][%cal Bc1c4,Bc4g4,Bg4g5,Bg5g7][%mdl 32] Rh4+ would kill now.} g5 {[%emt 0:01:10] Inhibits Rh4+.} 32. Qd3+ Kg8 33. Rg4 ({Weaker is} 33. Bxg5 Nxe5 34. Qe4 Nxc4 $16) 33... Bd8 34. Rxg5+ Kf8 35. Rg7 {[%emt 0:00:47] Weighted Error Value: White=0.41/Black=0.62} 1-0

[Event "Israeli Women Championship 2022"]
[Site "Yosiah Arad"]
[Date "2022.12.05"]
[Round "1.1"]
[White "Brusilovski, Lena"]
[Black "Orian, Noga"]
[Result "*"]
[WhiteElo "1800"]
[BlackElo "1947"]
[Annotator "TA"]
[PlyCount "29"]
[EventDate "2022.12.05"]
[EventType "tourn"]
[EventCountry "ISR"]
[SourceTitle "playchess.com"]
[Source "ChessBase"]
[SourceQuality "1"]
[TimeControl "40/5400+30:1800+30"]

1. e4 e6 2. d4 d5 3. e5 c5 4. c3 Qb6 5. Nf3 Nc6 6. a3 {[%emt 0:00:20] [#]} {Predecessor:} f6 $146 {C02: French: Advance Variation.} 7. Bd3 fxe5 8. dxe5 c4 9. Bc2 g6 10. Qe2 Bg7 11. Be3 Qc7 12. Bf4 Nge7 13. Nbd2 O-O 14. g3 b5 15. h4 {½-½ (67) Anand,V (2756)-Korobov,A (2672) Mayrhofen 2022} *

[Event "Israeli Women Championship 2022"]
[Site "Yosiah Arad"]
[Date "2022.12.05"]
[Round "1.2"]
[White "Shvayger, Yuliya"]
[Black "Ovechkin, Lilia"]
[Result "1-0"]
[ECO "B06"]
[WhiteElo "2350"]
[BlackElo "1680"]
[Annotator "TA"]
[PlyCount "57"]
[EventDate "2022.12.05"]
[EventType "tourn"]
[EventCountry "ISR"]
[SourceTitle "playchess.com"]
[Source "ChessBase"]
[SourceQuality "1"]
[TimeControl "40/5400+30:1800+30"]

1. e4 d6 2. d4 g6 3. Nc3 Bg7 4. Be3 a6 5. h3 b5 6. g4 {[%emt 0:02:01] B06: Modern Defence.} Nd7 7. Bg2 Bb7 {[%emt 0:00:19] Against e5} 8. Nge2 {[%emt 0:07:54] The position is equal.} c5 9. O-O b4 10. Nb1 {[%emt 0:02:40] [#]} (10. Na4 $1 $14) 10... Qc7 $146 (10... Ngf6 $11) ({Predecessor:} 10... Ngf6 11. Nd2 cxd4 12. Bxd4 O-O 13. Ng3 Qc7 14. Rc1 Nc5 15. g5 Nh5 16. Bxg7 Nxg7 {0-1 (22) Thorhallsson,T (2499)-Bacrot,E (2561) Bermuda 1999}) 11. c3 a5 12. Nd2 (12. a3 $16) 12... e6 13. f4 ({White should play} 13. dxc5 $14 dxc5 14. Nc4) 13... f5 (13... Ne7 $11) 14. Qb3 (14. dxc5 $16 {aiming for Nc4.} Nxc5 15. Nc4) 14... c4 $2 {[%emt 0:01:37] [#] A mistake that costs the game.} (14... Ne7 $1 $14) 15. Qxc4 $18 Qxc4 16. Nxc4 Ba6 $2 (16... Ra6 {was called for.} 17. e5 Bxg2) 17. Nxd6+ {[%emt 0:00:19] White is clearly winning.} Ke7 18. e5 ({Less strong is} 18. exf5 Ngf6 $18) 18... Bxe2 19. Bxa8 Bxf1 20. Kxf1 ({Don't play} 20. Rxf1 Nh6 21. Bf3 bxc3 22. bxc3 Nf7 $18) 20... fxg4 21. hxg4 Nh6 22. Bf3 Rf8 23. Ke2 Nf7 24. Nc4 bxc3 25. bxc3 a4 26. Rb1 {[%emt 0:01:01] [#] Rb7 is the strong threat.} Rc8 27. Kd3 Rd8 28. Rb7 Kf8 29. Kc2 {[%emt 0:01:01] Weighted Error Value: White=0.22 (precise) /Black=0.44} 1-0

[Event "Israeli Women Championship 2022"]
[Site "Yosiah Arad"]
[Date "2022.12.05"]
[Round "1.3"]
[White "Kochavi, Dana"]
[Black "Levitan, Ronit"]
[Result "0-1"]
[ECO "C90"]
[WhiteElo "1928"]
[BlackElo "1989"]
[Annotator "TA"]
[PlyCount "72"]
[EventDate "2022.12.05"]
[EventType "tourn"]
[EventCountry "ISR"]
[SourceTitle "playchess.com"]
[Source "ChessBase"]
[SourceQuality "1"]
[TimeControl "40/5400+30:1800+30"]

1. e4 e5 2. Nf3 Nc6 3. Bb5 a6 4. Ba4 Nf6 5. O-O Be7 6. Re1 b5 7. Bb3 d6 8. c3 O-O 9. d3 Nb8 10. Nbd2 {[%emt 0:00:00][%cal Bb1d2,Bd2f1,Bf1g3,Bg3f5][%mdl 32] C90: Closed Ruy Lopez with 7...d6: Early deviations.} c5 11. Nf1 (11. a4 $5 ) 11... Nbd7 12. d4 {[%emt 0:00:00] White is slightly better.} (12. a4 $5 ) 12... Re8 {[%emt 0:03:18] [#]} 13. d5 $146 ({Predecessor:} 13. Ng3 Bb7 14. Ng5 c4 15. Bc2 h6 16. Nh3 Bf8 17. f4 exd4 18. cxd4 {1-0 (34) Lopez del Alamo,A (2281)-Suarez Roa,J (2162) Benidorm 2013}) 13... c4 14. Bc2 Qc7 15. Ng3 Bf8 16. Nf5 (16. a4 $5 ) 16... a5 17. Qd2 Nc5 {[%emt 0:07:17][%cal Oc5e4] aiming for ...Ncxe4!} 18. Qg5 (18. Ng3 {simplifies} g6 19. Qe2 Bg7 20. Bg5) 18... Bxf5 19. Qxf5 Qc8 20. Qxc8 Rexc8 21. Bd2 (21. Nd2 $5 ) 21... a4 22. a3 g6 23. Rad1 Bg7 24. h3 h5 25. Ng5 Bh6 26. h4 Nfd7 27. f4 exf4 28. Bxf4 f6 29. Nh3 (29. Bxd6 {is more complex.} fxg5 30. e5 Nd3 31. Bxd3 cxd3 32. Rxd3 Bf8 33. Bxf8 Rxf8 34. e6) 29... Bxf4 30. Nxf4 Ne5 31. Re3 (31. Ne2 $15) 31... Re8 $17 32. Rg3 Kf7 33. Re3 Re7 34. Rd2 Rae8 {[%emt 0:01:04] Black is more active.} 35. g3 Kg7 36. Re1 $2 {[%emt 0:00:31][%mdl 8192] [#]} (36. Kg2 $17) 36... Nf3+ {[%emt 0:00:09] Weighted Error Value: White=0.43/Black=0.10 (very precise)} 0-1

[Event "Israeli Women Championship 2022"]
[Site "Yosiah Arad"]
[Date "2022.12.05"]
[Round "1.4"]
[White "Kluchik, Julia"]
[Black "Reprun, Nadejda"]
[Result "1-0"]
[ECO "B13"]
[WhiteElo "1887"]
[BlackElo "1979"]
[Annotator "TA"]
[PlyCount "93"]
[EventDate "2022.12.05"]
[EventType "tourn"]
[EventCountry "ISR"]
[SourceTitle "playchess.com"]
[Source "ChessBase"]
[SourceQuality "1"]
[TimeControl "40/5400+30:1800+30"]

1. e4 c6 2. d4 d5 3. exd5 cxd5 4. Bd3 Nc6 5. c3 Nf6 6. h3 e5 7. dxe5 Nxe5 8. Nf3 Nxd3+ 9. Qxd3 Be7 10. O-O O-O 11. Bf4 h6 {[%emt 0:14:18] B13: Caro-Kann: Exchange Variation and Panov-Botvinnik Attack.} 12. Nbd2 Bd6 (12... Re8 {seems wilder.} 13. Rfe1 Qb6 14. a4 Ne4) 13. Bxd6 Qxd6 {[%emt 0:00:08] [#] White is slightly better.} 14. Rae1 $146 ({Predecessor:} 14. Rfe1 Bd7 15. Qd4 b6 16. Ne4 Nxe4 17. Rxe4 Rfe8 18. Re5 Rxe5 19. Nxe5 Be6 20. Nd3 {½-½ (56) Velickovic,S (2427)-Cerovic,D (2259) Belgrade 2010}) 14... Bd7 15. Re5 Qb6 16. Qc2 Rac8 17. Qb3 Bb5 18. Rfe1 Qa6 19. Nd4 Bc4 20. Qc2 {[%emt 0:19:45] White is more active.} (20. Nxc4 $16 dxc4 21. Qb4) 20... Bd3 $11 21. Qb3 Rc7 (21... Bc4 $11 22. Nxc4 dxc4) 22. a3 $16 Qd6 23. R5e3 Qa6 24. Qd1 Bg6 25. Qf3 Qb6 26. b4 ({White should try} 26. R3e2 $14) 26... Rfc8 $11 27. g4 a6 28. h4 Qd6 29. g5 hxg5 (29... Ne4 {simplifies} 30. Nxe4 dxe4 31. Qh3 Kh8) 30. hxg5 Ne4 31. Nxe4 dxe4 32. Qh3 Qf4 33. Rg3 $1 Qd2 34. Ree3 {[%emt 0:00:17] [#] Hoping for Kg2.} Rd8 ({Better is} 34... Qd1+ $1 $14 35. Kh2 Qh5) 35. Qh4 Rxd4 36. Rh3 Kf8 (36... f5 $16 37. gxf6 (37. cxd4 Qxd4 38. Re1 Qd2 $14) 37... Qc1+ 38. Kg2 Rd1 39. Qh8+ Kf7 40. fxg7 (40. Qxg7+ Ke6 $11) 40... Rg1+ 41. Kh2 Rh1+ 42. Kg3 Rxh3+ 43. Kxh3 Qf1+ 44. Kg4 Bf5+ 45. Kg5 (45. Kxf5 Qxf2+ 46. Kg4 Qg2+ 47. Kh5 Qh1+ 48. Kg5 Qg2+ 49. Kh4 Qf2+ 50. Kh5 Qf5+ 51. Kh4 Qf2+ 52. Kg4 Qg2+ 53. Rg3 Qe2+ 54. Kg5 Qd2+ 55. Kh5 Qh2+ 56. Kg4 Qe2+ 57. Kh4 Qh2+ 58. Rh3 Qf4+ 59. Kh5 Qf5+ 60. Kh4 Qf4+ 61. Kh5 Qf5+ 62. Kh4 Qf4+ $11) 45... Rc8 46. Kxf5 Qb5+ 47. Kg4 Qd7+ 48. Kg3 (48. Kf4 Qd6+ 49. Kg4 Qe6+ 50. Kg3 Qe5+ 51. f4 Qf5 $16) 48... Rg8 49. Qh5+ (49. Rxe4 Rxg7+ 50. Kh4 Qd6 $18) 49... Kxg7 50. Rxe4 Qd6+ 51. Re5 Kf6+ 52. Kf4 Qd2+ 53. Re3 Qd6+ 54. Ke4 Qe6+ 55. Kf3 Qf5+ 56. Qxf5+ Kxf5) 37. cxd4 $40 {[%emt 0:00:37][%mdl 128] Black must now prevent Qf4. White has strong attack.} Rc1+ 38. Kg2 {[%emt 0:00:03] [#] Strongly threatening Qf4.} Qd1 $2 (38... Qxd4 39. Qf4 Qd5) 39. Rh1 Qc2 (39... Qxh1+ $142 40. Qxh1 Rxh1) 40. Rxc1 Qxc1 {[%emt 0:00:02][%mdl 4096] Endgame KQR-KQB} 41. Qh8+ Ke7 42. Qxg7 Qd1 43. Qe5+ Kf8 44. d5 {[%emt 0:00:00][%cal Bd4d5,Bd5d6][%mdl 32] aiming for Kh2.} Qg4+ 45. Rg3 Qd7 46. d6 e3 47. Qh8# {[%emt 0:00:00] Weighted Error Value: White=0.15 (very precise) /Black=0.46} 1-0

[Event "Israeli Women Championship 2022"]
[Site "Yosiah Arad"]
[Date "2022.12.05"]
[Round "1.5"]
[White "Efroimski, Marsel"]
[Black "Tashkinova, Sofiia"]
[Result "*"]
[WhiteElo "2470"]
[BlackElo "2006"]
[Annotator "TA"]
[PlyCount "29"]
[EventDate "2022.12.05"]
[EventType "tourn"]
[EventCountry "ISR"]
[SourceTitle "playchess.com"]
[Source "ChessBase"]
[SourceQuality "1"]
[TimeControl "40/5400+30:1800+30"]

1. e4 c5 2. Nf3 d6 3. d4 cxd4 4. Nxd4 Nf6 {[%emt 0:00:10] [#] Not much happened in this game.} {Predecessor:} 5. Nc3 $146 a6 6. h3 {B81: Sicilian Scheveningen: Keres Attack.} e6 7. g4 Nfd7 8. g5 b5 9. h4 Bb7 10. Bg2 Be7 11. Be3 Ne5 12. f4 Nc4 13. Bc1 Nc6 14. b3 Qa5 15. Rh3 {0-1 (30) Gukesh,D (2725)-So,W (2760) Kolkata 2022} *

[Event "Israeli Women Championship 2022"]
[Site "Yosiah Arad"]
[Date "2022.12.05"]
[Round "1.5"]
[White "Brusilovski, Lena"]
[Black "Orian, Noga"]
[Result "0-1"]
[ECO "B90"]
[WhiteElo "1800"]
[BlackElo "1947"]
[Annotator "TA"]
[PlyCount "68"]
[EventDate "2022.12.05"]
[EventType "tourn"]
[EventCountry "ISR"]
[SourceTitle "playchess.com"]
[Source "ChessBase"]
[SourceQuality "1"]
[TimeControl "40/5400+30:1800+30"]

1. e4 c5 2. Nf3 d6 3. d4 cxd4 4. Nxd4 Nf6 5. Nc3 a6 6. Be3 Ng4 7. Bg5 h6 8. Bh4 g5 9. Be2 Ne5 10. Bg3 Bg7 11. f4 {[%emt 0:02:41] B90: Sicilian Najdorf: Unusual White 6th moves, 6 Be3 Ng4 and 6 Be3 e5.} (11. Nd5 $14) 11... gxf4 12. Bxf4 Nbc6 {[%emt 0:00:06] White must now prevent ...Nxd4.} 13. Nf5 {[%emt 0:01:13] White is slightly better.} Bxf5 14. exf5 {[%emt 0:00:03] [#]} Qa5 $146 ({Predecessor:} 14... Rc8 15. Be3 Na5 16. Bd4 Nac6 17. Be3 Na5 18. Rb1 Nec4 19. Bd4 Bxd4 20. Qxd4 Ne5 {1-0 (50) Jurcik,M (2468)-Schiendorfer,E (2274) Rogaska Slatina 2009}) 15. Qd5 {[%emt 0:04:02] Prevents Nc4.} (15. O-O {simplifies} Nd7 16. Rb1 Bxc3 17. bxc3 Rb8 18. Kh1) 15... Qb6 (15... Qb4 $11 16. O-O Qxb2) 16. O-O-O $1 $14 Nd7 17. Bc4 Rf8 18. Rhe1 O-O-O 19. Bb3 Nc5 ({Better is} 19... Bxc3 $11 20. bxc3 Nf6) 20. Be3 (20. Ne4 $14) 20... Qa5 21. Bd2 Nxb3+ (21... Bxc3 {simplifies} 22. Bxc3 Nxb3+ 23. axb3 Qxd5 24. Rxd5 Rg8) 22. Qxb3 Qxf5 (22... Bxc3 {simplifies} 23. Qxc3 Qxa2 24. b3 Qa3+) 23. Qb6 (23. g4 $15 Qh7 24. Nd5) 23... e6 24. Be3 ({White should play} 24. Kb1) 24... h5 $40 {[%emt 0:07:27][%mdl 128] Black has strong attack.} 25. Rf1 {[%emt 0:00:00] [#]} Qg6 26. Kb1 (26. Rf4 $142 Bxc3 27. Rc4 Qxg2 28. Rxc3) 26... Bxc3 $17 {[%emt 0:05:52] Dancing on a razor blade.} ({Resist} 26... Qxg2 27. Rg1 Qxh2 28. Rxg7 $18) 27. bxc3 e5 ({Stronger than} 27... Qxg2 28. Bh6 $15) (27... h4 $142 28. Rd2 f5) 28. Rf3 Qe6 ({Worse is} 28... Qxg2 29. Rf6 $15) (28... f5 $17 {aiming for ...f4.} 29. g3 h4) 29. Rdf1 {[%emt 0:00:00] [#]} (29. Qb3 $15) 29... f5 $1 30. Bc1 Rf7 31. Qe3 Rg8 32. Qe2 Rg4 33. h3 Ra4 34. g4 $2 (34. a3 $19) 34... Qxa2# {[%emt 0:00:08] Weighted Error Value: White=0.55/Black=0.18 (very precise)} 0-1

[Event "Israeli Women Championship 2022"]
[Site "Yosiah Arad"]
[Date "2022.12.06"]
[Round "2.1"]
[White "Reprun, Nadejda"]
[Black "Efroimski, Marsel"]
[Result "0-1"]
[ECO "B45"]
[WhiteElo "1979"]
[BlackElo "2470"]
[Annotator "TA"]
[PlyCount "72"]
[EventDate "2022.12.05"]
[EventType "tourn"]
[EventCountry "ISR"]
[SourceTitle "playchess.com"]
[Source "ChessBase"]
[SourceQuality "1"]
[TimeControl "40/5400+30:1800+30"]

1. e4 c5 2. Nf3 Nc6 3. d4 cxd4 4. Nxd4 Nf6 5. Nc3 e6 6. Ndb5 Bc5 7. Nd6+ {[%emt 0:01:32] B45: Sicilian Four Knights.} Ke7 $1 8. Nxc8+ (8. Bf4 {is interesting.} e5 9. Nf5+ Kf8 10. Bg5) 8... Rxc8 9. Be2 {[%emt 0:01:36] The position is equal.} (9. Bg5 $2 Qb6 10. f3 Bf2+ 11. Ke2 Bd4 $19) 9... Bb4 10. Qd3 {[%emt 0:11:05] [#]} (10. Bd3 $1 $11) 10... Ne5 $146 (10... d5 $5 11. O-O dxe4 12. Nxe4 Qxd3 13. Bxd3 Ne5 $15) ({Predecessor:} 10... d5 11. exd5 Qxd5 12. Qg3 Ne4 13. Qh4+ g5 14. Bxg5+ Nxg5 15. Qxb4+ Nxb4 16. Nxd5+ exd5 {0-1 (23) Duarte,L (2330)-Hasangatin,R (2479) Chess.com INT 2020}) 11. Qg3 (11. Qd4 {feels hotter.} Qa5 12. Bd2 d6 13. Nd5+) 11... Bxc3+ (11... Nxe4 $2 12. Qh4+ (12. Qxe5 Nxc3 13. Bd2 Nd5 $11) 12... f6 13. Qxe4 $18) 12. bxc3 Qa5 $36 {[%emt 0:00:26][%mdl 2048] Black has good play.} (12... Nxe4 $2 13. Qxe5 Qc7 14. Ba3+ (14. Qxe4 Qxc3+ 15. Bd2 Qxa1+ 16. Bd1 Qxa2 $14) 14... Kd8 15. Qxg7 (15. Qxe4 Qxc3+ 16. Kd1 Qxa1+ 17. Bc1 Qxa2 $11) 15... Qxc3+ 16. Qxc3 Nxc3 17. Bd3 $18) 13. Bd2 (13. O-O $1 $15) 13... Nxe4 $17 14. Qh4+ Nf6 {[%emt 0:00:07][%cal Oe5c4] Black is much more active. The white rooks are badly placed. Pair of Knights!} 15. O-O {[%emt 0:01:00] [#]} Ng6 ({Black should try} 15... Nc4 $1 16. Bxc4 Qa4) 16. Qd4 Qc5 (16... Qd5 {simplifies} 17. Qb4+ Qd6 18. Qxd6+ Kxd6 19. c4 Kc7) 17. Bd3 Ne5 18. Qa4 {[%emt 0:05:50] [#]} Nd5 $1 19. Rab1 {[%emt 0:06:25] [#]} b6 $1 ({Inferior is} 19... Nxc3 20. Bxc3 Qxc3 21. Rxb7 $17) 20. Rb5 Qc6 21. Be4 {[%emt 0:03:35] This move loses the game for White.} (21. Qh4+ $17 f6 22. Rb3) 21... Nc4 22. Bxd5 exd5 23. Re1+ Kd8 24. Bf4 (24. Be3 {was worth a try.}) 24... a6 $19 25. Rb4 ({Weaker is} 25. Qxa6 Ra8 $19) 25... Qxa4 26. Rxa4 a5 27. Be3 Kc7 28. Rb1 Rb8 {[%emt 0:00:29] Hoping for ...b5.} 29. Rxc4+ dxc4 {[%emt 0:00:04][%mdl 4096] Endgame KRR-KRB} 30. Rb5 a4 31. Bd4 f6 32. g4 Rhe8 {[%emt 0:01:31] Black is clearly winning.} 33. g5 (33. Be3 $142) 33... Re1+ 34. Kg2 Ra1 35. gxf6 gxf6 ({Worse is} 35... Rxa2 36. fxg7 Rg8 37. Rf5 $11) 36. Bxf6 Rxa2 {[%emt 0:00:08] Weighted Error Value: White=0.47/Black=0.07 (flawless)} 0-1

[Event "Israeli Women Championship 2022"]
[Site "Yosiah Arad"]
[Date "2022.12.06"]
[Round "2.2"]
[White "Brusilovski, Lena"]
[Black "Shvayger, Yuliya"]
[Result "0-1"]
[ECO "B32"]
[WhiteElo "1800"]
[BlackElo "2350"]
[Annotator "TA"]
[PlyCount "80"]
[EventDate "2022.12.05"]
[EventType "tourn"]
[EventCountry "ISR"]
[SourceTitle "playchess.com"]
[Source "ChessBase"]
[SourceQuality "1"]
[TimeControl "40/5400+30:1800+30"]

1. e4 c5 2. Nf3 Nc6 3. d4 cxd4 4. Nxd4 e5 5. Nxc6 bxc6 6. c4 {[%emt 0:01:19] B32: Sicilian: Löwenthal and Kalashnikov Variations.} Nf6 7. Bd3 Bc5 8. O-O {[%emt 0:09:02] The position is equal.} d6 9. h3 (9. Nc3 $11) 9... Be6 {[%emt 0:01:11] [#]} (9... g5 $15 10. Nd2 (10. Bxg5 Rg8 $15) 10... g4 11. hxg4 Bxg4) 10. Nd2 $146 ({Predecessor:} 10. Nc3 a5 11. b3 O-O 12. Qc2 Qd7 13. Kh2 Bd4 14. f4 exf4 15. Bxf4 Nh5 16. Bd2 {0-1 (28) Jakubec,M (2004)-Harasta,M (1679) Slovakia 2017}) 10... a5 11. Nf3 h6 12. Qe2 Rb8 13. b3 O-O 14. Be3 {[%emt 0:02:04] [#] Strongly threatening Bxc5.} Nd7 15. Rfd1 Qe7 16. Bxc5 Nxc5 17. Rab1 Rfd8 18. Bc2 Qf6 (18... Bc8 $15) 19. Rd2 $11 g5 20. Ne1 Bc8 21. Qf3 Qe7 22. Qc3 Qc7 23. Rbd1 Ne6 24. Qg3 f6 25. h4 Kg7 26. Nf3 c5 27. Nh2 Nd4 28. Nf1 a4 {[%emt 0:01:20] Black is much more active.} 29. Ne3 axb3 30. axb3 Ra8 (30... Nxb3 31. Nd5 Qb7 32. hxg5 hxg5 33. Rb1 Nxd2 34. Rxb7+ Rxb7 35. Qd3 $18) 31. Nd5 Qf7 32. Rxd4 $2 {[%emt 0:01:39] Loses the game.} cxd4 $19 (32... exd4 33. b4 cxb4 34. Qd3) 33. f4 Qh5 34. fxe5 fxe5 (34... dxe5 $2 35. hxg5 Qxg5 36. Qxg5+ fxg5 37. Bd3 $19) 35. Rf1 Rf8 {[%emt 0:01:37] Against Qf2. Black is clearly winning.} ({Not} 35... Qxh4 36. Qf3 $18) 36. Rxf8 Kxf8 37. Qf2+ Qf7 38. Qd2 (38. Qe1 $142 Bb7 39. Nb6) 38... Ra1+ ({Inferior is} 38... gxh4 39. Qxh6+ Qg7 40. Qxd6+ (40. Qxh4 $2 Be6 $19) 40... Kg8 41. Qd8+ Kh7 42. Qxh4+ Kg8 43. Qd8+ Kh7 44. Qh4+ Kg8 45. Qd8+ Kh7 46. Qh4+ $11) 39. Kh2 Kg7 {[%emt 0:03:29] [#] ( -> ...Qf1)} ({Weaker is} 39... gxh4 40. Qxh6+ Qg7 41. Qxh4 $11) 40. Bd1 gxh4 {[%emt 0:04:17] Weighted Error Value: White=0.79/Black=0.30} 0-1

[Event "Israeli Women Championship 2022"]
[Site "Yosiah Arad"]
[Date "2022.12.06"]
[Round "2.3"]
[White "Ovechkin, Lilia"]
[Black "Kochavi, Dana"]
[Result "1/2-1/2"]
[ECO "D00"]
[WhiteElo "1680"]
[BlackElo "1928"]
[Annotator "TA"]
[PlyCount "154"]
[EventDate "2022.12.05"]
[EventType "tourn"]
[EventCountry "ISR"]
[SourceTitle "playchess.com"]
[Source "ChessBase"]
[SourceQuality "1"]
[TimeControl "40/5400+30:1800+30"]

1. d4 Nf6 2. Bg5 d5 3. Nd2 c5 4. e3 cxd4 5. exd4 Nc6 6. Ngf3 {[%emt 0:03:06] D00: 1 d4 d5: Unusual lines.} Bf5 7. c3 e6 8. Nh4 {[%emt 0:19:22] White has an edge.} Bg6 9. Nxg6 hxg6 10. Bd3 Bd6 {[%emt 0:02:02] [#]} 11. Nf3 $146 ({Predecessor:} 11. g3 Qc7 12. Qe2 O-O-O 13. Nf3 Kb8 14. O-O-O Rc8 15. Kb1 Nd7 16. h4 Na5 17. Rhe1 {0-1 (45) Rapport,R (2763)-Nihal,S (2650) Chess.com INT 2021}) 11... Qc7 12. Bxf6 (12. Qe2 $14) 12... gxf6 $15 13. g3 a6 14. O-O O-O (14... g5 $17) 15. Qc2 Kg7 16. Nh4 (16. Qd2 $15) 16... Rh8 (16... g5 $1 $17 17. Nf3 Rh8) 17. f4 $1 Rac8 18. Qf2 f5 19. Rae1 b5 20. a3 Na5 21. Nf3 Nc4 22. Ne5 Be7 23. Qe2 Nxe5 (23... Bf6 {keeps more tension.} 24. h4 Nd6 25. Rf2 Ne4) 24. Qxe5+ Qxe5 25. Rxe5 Rc7 (25... Bxa3 $5 26. bxa3 Rxc3 $15) 26. Rfe1 Rb8 27. R5e2 a5 28. Rc2 (28. Kf2 $15) 28... b4 $17 29. axb4 axb4 30. Rec1 bxc3 31. bxc3 Rb3 {[%emt 0:00:13] Inhibits c4.} 32. Kf2 Ba3 33. Rd1 Rcxc3 34. Rxc3 Rxc3 {[%emt 0:00:07][%mdl 4096] Endgame KRB-KRB} 35. Ke2 Rb3 36. Rb1 {[%emt 0:00:19] [#]} Bb2 $1 37. Bc2 Rb4 38. Bd3 Kf8 39. Kd2 Rb6 40. Ke3 Ke7 41. Bc2 Rb4 42. Rd1 (42. Ke2 $142) 42... Kd6 43. Rd3 Kc6 44. Rd1 Kb6 45. Rd3 Kb5 46. Bd1 Bc1+ 47. Kf2 Rb2+ 48. Be2 {[%emt 0:00:06] Threatens to win with Rc3+.} Kb4 {[%emt 0:00:29] Prevents Rc3.} 49. Ke1 Rb1 50. Kf2 Bb2 51. Bd1 {[%emt 0:03:52] [#]} (51. h3 $17) 51... Bc3 ({Better is} 51... Kc4 $1 $19 52. Be2 Bxd4+ 53. Kg2 Kc5) 52. Be2 Rc1 53. Kf3 Rh1 54. Kg2 Ra1 55. Kf3 Ra3 56. Kf2 Bb2 (56... Kb3 $17 57. Ke3 Ra8 58. Bd1+ Kc4) 57. Rxa3 $15 Kxa3 {[%emt 0:00:13] KB-KB} 58. Ke3 Kb4 59. Kd3 Bc1 60. Bd1 (60. h4 $11) 60... g5 ({Black should try} 60... Kb5 $15) 61. fxg5 $11 {[%emt 0:00:35] The position is equal.} Bxg5 62. Bh5 f6 63. Bf7 e5 64. dxe5 fxe5 {[%emt 0:00:09] ...Kc5 is the strong threat.} 65. Bxd5 Kc5 66. Be6 f4 67. gxf4 Bxf4 68. h4 Kd6 69. Bf7 $1 Ke7 70. Bd5 Kf6 71. Ke4 Bg3 72. h5 Bf4 73. Bc6 Kg5 74. Be8 Kh6 75. Kf5 Bh2 76. Bg6 Bf4 77. Be8 Bg3 {[%emt 0:00:06] White happily takes the draw.   Weighted Error Value: White=0.15 (very precise) /Black=0.12 (very precise)} 1/2-1/2